 Dungeon Crawl Stone Soup version 0.31-a0-1206-g41278d8 (webtiles) character file.

Game seed: 3159816979446879895

1444073 EngineV8 the Conqueror (level 27, 484/484 HPs)
             Began as an Ogre Enchanter on Dec 12, 2023.
             Was an Initiate of Gozag.
             Escaped with the Orb
             ... and 3 runes on Dec 13, 2023!
             The game lasted 04:19:38 (92801 turns).

EngineV8 the Conqueror (Ogre Enchanter)            Turns: 92801, Time: 04:19:38

Health: 484/484    AC: 16    Str: 39    XL:     27
Magic:  26/26      EV: 16    Int: 18    God:    Gozag
Gold:   1823       SH:  0    Dex: 19    Spells: 16/42 levels left

rFire   + +          .
                       - Unarmed
rCold   . . .        w - melded +0 kite shield
rNeg    . . .        e - melded +1 robe
rPois   +            (helmet currently unavailable)
rElec   .            r - melded scarf {rC+ rF+}
rCorr   .            (gloves unavailable)
SInv    .            (boots unavailable)
Will    ++...        U - amulet of guardian spirit
Stlth   ++           W - ring of protection from cold
HPRegen 1.00/turn    O - ring of Wops {rPois MP-9 Str+5 Dex+6 Slay+2}
MPRegen 0.20/turn

%: guardian spirit
@: dragon-form, flying, studying Armour
A: dragon claw, dragon scales, breathe fire, flying, boosted hp, giant,
unfitting armour, (tough skin 1), (deformed body), deterioration 1
0: Orb of Zot
}: 3/15 runes: decaying, serpentine, silver
a: Breathe Fire, Begin Untransformation, Renounce Religion, Potion Petition,
Call Merchant, Bribe Branch


You escaped.
You worshipped Gozag.
Gozag was most pleased with you.
You were a fearsome dragon!
You visited 9 branches of the dungeon, and saw 45 of its levels.
You visited 1 bazaar.
You also visited: Sewer, Ice Cave and Wizlab.

You collected 27364 gold pieces.
You spent 3138 gold pieces at shops.
You paid 22403 gold pieces to Gozag.

Inventory:

Missiles
 B - 6 darts of dispersal
 E - a throwing net {!f}
 P - 11 curare-tipped darts (quivered) {!f}
Armour
 e - a +1 robe (melded)
 r - a scarf of resistance (melded)
 w - a +0 kite shield (melded)
Jewellery
 c - the ring of Balance {rN+ Dex+5}
   (You found it on level 3 of the Lair of Beasts)

   [ring of positive energy]

   Dex+5:     It affects your dexterity (+5).
   rN+:       It protects you from negative energy.
 q - a ring of resist corrosion
 A - a ring of positive energy
 I - a +4 ring of slaying
 N - the ring of Axyrgh {Ice Int+5 SInv}
   (You took it off a salamander mystic on level 3 of the Snake Pit)

   [ring of ice]

   Ice:       It enhances your ice magic.
   Int+5:     It affects your intelligence (+5).
   rF-:       It makes you vulnerable to fire.
   rC+:       It protects you from cold.
   SInv:      It lets you see invisible.
 O - the ring of Wops (right foreclaw) {rPois MP-9 Str+5 Dex+6 Slay+2}
   (You acquired it on level 10 of the Dungeon)

   [ring of dexterity]

   Str+5:     It affects your strength (+5).
   Dex+6:     It affects your dexterity (+6).
   Slay+2:    It affects your accuracy & damage with ranged weapons and melee
   (+2).
   rPois:     It protects you from poison MP-9: It affects your magic capacity
   (-9).
 Q - a ring of see invisible
 S - an amulet of regeneration
 T - the ring "Qocri" {^Drain AC+4 Str+3 Int+2 Dex+2}
   (You found it on level 4 of the Vaults)

   [ring of protection]

   AC+4:      It affects your AC (+4).
   Str+3:     It affects your strength (+3).
   Int+2:     It affects your intelligence (+2).
   Dex+2:     It affects your dexterity (+2).
   ^Drain:    It drains your maximum health when unequipped.
 U - an amulet of guardian spirit (around neck)
 W - a ring of protection from cold (left foreclaw)
Talismans
 d - the serpent talisman "Fify" {rC+}
   (You took it off Aizul on level 2 of the Snake Pit)

   [serpent talisman]

   rC+:       It protects you from cold.
 s - a dragon-blood talisman (active)
Wands
 f - a wand of acid (19)
 o - a wand of flame (22)
 v - a wand of roots (38)
 x - a wand of mindburst (31)
 F - a wand of digging (18)
 L - a wand of polymorph (27)
 X - a wand of charming (35)
Scrolls
 i - 6 scrolls of immolation
 j - 4 scrolls of fear
 p - 24 scrolls of teleportation
 t - 3 scrolls of revelation {!r}
 y - 3 scrolls of silence {!r}
 z - 5 scrolls of poison
 D - 4 scrolls of vulnerability
 K - a scroll of summoning
 M - 16 scrolls of fog
 V - 4 scrolls of blinking
Potions
 g - 17 potions of curing
 h - 6 potions of attraction
 k - 7 potions of brilliance
 l - 2 potions of heal wounds
 m - 12 potions of might
 n - 5 potions of invisibility
 u - 13 potions of haste
 C - 4 potions of ambrosia {!q}
 G - 3 potions of magic
 H - a potion of berserk rage {!q}
 J - 6 potions of mutation
 R - 7 potions of lignification
 Y - a potion of cancellation {!q}
 Z - 8 potions of enlightenment
Miscellaneous
 a - a phial of floods
 b - a phantom mirror


   Skills:
 O Level 27 Fighting
 - Level 0.8 Short Blades
 - Level 15.0 Dodging
 - Level 15.0 Stealth
 - Level 4.0 Shields
 - Level 18.0 Unarmed Combat
 - Level 8.0 Spellcasting
 - Level 10.0 Conjurations
 - Level 2.6 Hexes
 - Level 5.0 Translocations
 - Level 10.0 Transmutations
 - Level 8.0 Ice Magic
 - Level 5.0 Evocations
 + Level 22.0 Shapeshifting


You had 16 spell levels left.
You knew the following spells:

 Your Spells              Type           Power      Damage    Failure   Level
a - Frozen Ramparts       Ice            72%        1d11      1%          3
b - Freeze                Ice            100%       1d10      1%          1
c - Wereblood             Tmut           43%        N/A       1%          2
e - Ensorcelled Hibernat  Hex/Ice        52%        N/A       1%          2
f - Lesser Beckoning      Tloc           50%        N/A       1%          2
o - Ozocubu's Armour      Ice            36%        N/A       1%          3
q - Hailstorm             Conj/Ice       39%        3d9       1%          3
v - Blink                 Tloc           50%        N/A       1%          2
w - Irradiate             Conj/Tmut      21%        3d18      4%          5
A - Apportation           Tloc           50%        N/A       1%          1
X - Passwall              Tmut/Erth      20%        N/A       1%          2

Your spell library contained the following spells:

 Spells                   Type           Power      Damage    Failure   Level
 Foxfire                  Conj/Fire      100%       2x1d9     1%          1
 Kiss of Death            Conj/Necr      100%       2d13      1%          1
 Magic Dart               Conj           100%       1d8       1%          1
 Sting                    Tmut/Pois      100%       1d8       1%          1
 Momentum Strike          Conj/Tloc      68%        3d9       1%          2
 Static Discharge         Conj/Air       50%        3-6/arc   1%          2
 Dazzling Flash           Conj/Hex       60%        N/A       2%          3
 Gell's Gravitas          Tloc           25%        N/A       3%          3
 Stone Arrow              Conj/Erth      50%        3d10      3%          3
 Teleport Other           Tloc           25%        N/A       3%          3
 Jinxbite                 Hex            32%        N/A       4%          2
 Iskenderun's Mystic Bla  Conj/Tloc      34%        2d8       4%          4
 Iskenderun's Battlesphe  Conj           43%        2d9       4%          5
 Fulminant Prism          Conj/Hex       15%        3d10      7%          4
 Mephitic Cloud           Conj/Pois/Air  19%        N/A       8%          3
 Necrotise                Necr           28%        1d5       10%         1
 Sandblast                Erth           14%        2d6       10%         1
 Summon Small Mammal      Summ           28%        N/A       10%         1
 Confusing Touch          Hex            16%        N/A       10%         3
 Tukima's Dance           Hex            16%        N/A       10%         3
 Brom's Barrelling Bould  Conj/Erth      25%        2d5       12%         4
 Flame Wave               Conj/Fire      25%        2d8       12%         4
 Passage of Golubria      Tloc           25%        N/A       12%         4
 Petrify                  Tmut/Erth      25%        N/A       12%         4
 Sticky Flame             Conj/Fire      25%        2d5       12%         4
 Call Imp                 Summ           14%        N/A       14%         2
 Poisonous Vapours        Pois/Air       14%        N/A       14%         2
 Sublimation of Blood     Necr           7%         N/A       14%         2
 Inner Flame              Hex/Fire       12%        N/A       17%         3
 Summon Ice Beast         Ice/Summ       21%        N/A       19%         4
 Yara's Violent Unravell  Hex/Tmut       15%        3d8       21%         5
 Metabolic Englaciation   Hex/Ice        13%        N/A       30%         5
 Cause Fear               Hex            8%         N/A       32%         4
 Vhi's Electric Charge    Tloc/Air       32%        N/A       34%         4
 Alistair's Intoxication  Tmut/Pois      16%        N/A       34%         5
 Arcjolt                  Conj/Air       12%        1d22      34%         5
 Fireball                 Conj/Fire      12%        3d7       34%         5
 Leda's Liquefaction      Hex/Erth       6%         N/A       50%         4
 Olgreb's Toxic Radiance  Pois           7%         N/A       67%         4
 Summon Forest            Summ/Tloc      8%         N/A       67%         5
 Summon Mana Viper        Hex/Summ       12%        N/A       83%         5
 Bombard                  Conj/Erth      12%        9d3       88%         6
 Conjure Ball Lightning   Conj/Air       12%        3x3d6     88%         6
 Eringya's Noxious Bog    Tmut/Pois      12%        4d6       88%         6
 Starburst                Conj/Fire      12%        6d5       88%         6
 Borgnjor's Vile Clutch   Necr/Erth      3%         N/A       95%         5
 Lee's Rapid Deconstruct  Erth           3%         3d5*      95%         5
 Ozocubu's Refrigeration  Ice            18%        4d11      97%         7
 Plasma Beam              Fire/Air       3%         2x1d13    100%        6
 Summon Cactus Giant      Summ           3%         N/A       100%        6
 Enfeeble                 Hex            8%         N/A       100%        7
 Spellforged Servitor     Conj/Summ      12%        N/A       100%        7
 Discord                  Hex            8%         N/A       100%        8
 Disjunction              Tloc           12%        N/A       100%        8
 Dragon's Call            Summ           3%         N/A       100%        9
 Simulacrum               Ice/Necr       Unusable   N/A       N/A         6

Dungeon Overview and Level Annotations

Branches:
Dungeon (15/15)            Temple (1/1) D:7            Lair (5/5) D:11
  Swamp (4/4) Lair:3        Snake (4/4) Lair:3        Slime (0/5) Lair:4
    Orc (2/2) D:12            Elf (0/3) Orc:2        Vaults (5/5) D:13
  Crypt (0/3) Vaults:3     Depths (4/4) D:15            Zot (5/5) Depths:4
  Sewer (visited)           IceCv (visited)          WizLab (visited)

Altars:
Ashenzari
Cheibriados
Dithmenos
Elyvilon
Fedhas
Gozag
Hepliaklqana
Kikubaaqudgha
Makhleb
Nemelex Xobeh
Okawaru
Qazlal
Ru
Sif Muna
Trog
Uskayaw
Vehumet
Wu Jian
Xom
Yredelemnul
Zin
The Shining One
Lugonu

Shops:
D:9 =   D:11 :*?   Orc:2 (**[[   Lair:3 :?=   Snake:2 [*[*   Vaults:3 (
Depths:2 (

Portals:
Hell: Depths:1 Depths:2 Depths:3 Depths:4
Abyss: Depths:1 Depths:2 Depths:3
Pandemonium: Depths:1 Depths:2
Ziggurat: Depths:1

Annotations:
Zot:3 1 transporter


Innate Abilities, Weirdness & Mutations

You are a fearsome dragon!
You have a powerful clawing attack.
Your giant scaled body is strong and resilient, but less evasive.
You can breathe fire.
You are flying.
Your maximum health is greatly increased.
Your armour is entirely melded.
You are incapable of wielding weapons or throwing items.
You are too large for most types of armour.
((You have tough skin. (AC +1)))
((Armour fits poorly on your strangely shaped body.))
Your body sometimes deteriorates upon taking damage.


Message History

You take 12 damage, and have 392/484 hp.
You now have 16/26 mp.
The sun demon attacks as it pursues you!
The sun demon misses you.
Casting: Passwall (safe; 1% risk of failure)
Confirm with . or Enter, or press ? or * to list all spells.
Aiming: Passwall (safe; 1% risk of failure)
Press: ? - help, Dir - move target A rock wall.
This square is covered in magical glow.
The sun demon hits you!
You are engulfed in flames.
You resist.
You begin to meditate on the wall.
You continue meditating on the rock.
The sun demon barely misses you. The sun demon misses you.
You continue meditating on the rock.
The sun demon hits you but does no damage.
The sun demon hits you!
You are engulfed in flames.
You resist.
You finish merging with the rock.
You take 29 damage, and have 364/484 hp.
You now have 14/26 mp.
Unknown command.
Casting: Passwall (safe; 1% risk of failure)
Confirm with . or Enter, or press ? or * to list all spells.
Aiming: Passwall (safe; 1% risk of failure)
Press: ? - help, Dir - move target A rock wall.
This square is covered in magical glow.
You begin to meditate on the wall.
You continue meditating on the rock. x2
You finish merging with the rock.
You regained 3 hp, and now have 368/484 hp.
You now have 13/26 mp.
Unknown command.
There is a stone staircase leading up here.
You fly upwards.
There is a stone staircase leading down here.
You regained 3 hp, and now have 373/484 hp.
What level of the Dungeon? (default 1, ? - help)
You see here a +0 giant club.
Things that are here:
a +0 ring mail; a +6 trident of pain
Things that are here:
a +0 club; a +0 spear
Things that are here:
a +0 spear; a +0 club
Things that are here:
a +0 leather armour; a +0 mace; a +0 flail
There is a stone staircase leading up here.
You fly upwards.
There is a stone staircase leading down here.
A Hell Sentinel comes into view.
You regained 43 hp, and now have 416/484 hp.
You regained 8 mp, and now have 22/26 mp.
Casting: Passwall (safe; 1% risk of failure)
Confirm with . or Enter, or press ? or * to list all spells.
Aiming: Lesser Beckoning (safe; 1% risk of failure)
Press: ? - help, Shift-Dir - straight line, f - Hell Sentinel
Aim: a Hell Sentinel (100% to hit)
The Hell Sentinel hurls suddenly forward!
The Hell Sentinel hits you but does no damage.
The Hell Sentinel hits you.
You take 3 damage, and have 415/484 hp.
You now have 21/26 mp.
You hit the Hell Sentinel but do no damage.
Your tail-slap misses the Hell Sentinel.
You claw the Hell Sentinel!
The Hell Sentinel is lightly wounded.
You barely miss the Hell Sentinel.
You tail-slap the Hell Sentinel, but do no damage.
The Hell Sentinel is lightly wounded.
The Hell Sentinel hits you but does no damage. x2
You hit the Hell Sentinel but do no damage.
You tail-slap the Hell Sentinel, but do no damage.
You bite the Hell Sentinel, but do no damage.
The Hell Sentinel is lightly wounded.
The Hell Sentinel hits you but does no damage.
The Hell Sentinel closely misses you.
You maul the Hell Sentinel!!!!
You bite the Hell Sentinel.
The Hell Sentinel is almost dead.
You maul the Hell Sentinel!!!
You kill the Hell Sentinel!
No target in view!
No target in view!
No target in view!
You now have 1823 gold pieces (gained 19).
You regained 2 hp, and now have 421/484 hp.
There is a stone staircase leading up here.
You fly upwards.
There is a stone staircase leading down here.
Magic restored.
There is an open door here.
There is a stone staircase leading up here.
You fly upwards.
There is a stone staircase leading down here.
There is a stone staircase leading up here.
You fly upwards.
There is a stone staircase leading down here.
You see here a +0 robe.
HP restored.
You see here a +0 robe.
There is a staircase leading out of the dungeon here.
Health restored: 484; MP restored: 26 You have escaped!

#.#
#.##.#.....##......##.##
#.#
#.##.##.#...#.........##
#.#
#.##.#..##.##.##########
#.# #.##.###.#.#### #.#
#.#### ##.[..##
#.####.##### ##.#..##
#..........# ####..## #####
####.###.######
##..####.... #.# #.# #D.#
##..#.##.##. #.# #.# ##[##
#........### #.# #.#
##.#######.#.## #
#.###.#####..####....#####
##.###...###.......####....
##.####.####.##..##########
##.####.###.###..#.....# #
##.######.......##.###.# #
##.#####..##...###.# #.#


There were no monsters in sight!

Vanquished Creatures
  An ancient lich (Vaults:5)
  2 juggernauts
  2 Killer Klowns
  Xtahua (Vaults:3)
  Vashnia (Snake:4)
  7 caustic shrikes
  3 curse toes (Zot:3)
  17 golden dragons
  3 bone dragons
  An electric golem (Zot:2)
  A Hell Sentinel (D:4)
  A Brimstone Fiend (D:6)
  An Ice Fiend (IceCv)
  18 tentacled monstrosities
  7 Orb Guardians
  3 liches
  A walking earthen tome (Depths:3)
  A walking crystal tome (Depths:2)
  5 quicksilver dragons
  6 titans
  2 walking frostbound tomes (Depths:3)
  A walking divine tome (Depths:3)
  13 death cobs
  A kraken (Swamp:4)
  A thorn hunter (Swamp:4)
  9 sphinxes
  11 storm dragons
  9 shadow dragons
  The ghost of Cuemoqil the Wrestler, a journeyman TrDe of Ru (Snake:1)
  6 tengu reavers
  Aizul (Snake:2)
  13 fire giants
  7 draconian monks
  Donald (Snake:2)
  4 nagarajas (Snake:4)
  2 fenstrider witches
  8 draconian knights
  24 vault wardens
  Louise (Depths:3)
  The ghost of Deul the Acrobat, an adept FeBe of Trog (Vaults:4)
  4 spectral caustic shrikes (Depths:4)
  8 frost giants
  4 iron dragons
  7 draconian shifters
  4 orc warlords
  7 draconian stormcallers
  2 reapers
  2 ghost moths
  11 draconian scorchers
  23 ironbound preservers
  2 spriggan defenders (Depths:3)
  18 very ugly things
  A formless jellyfish (Vaults:2)
  3 war gargoyles
  14 stone giants
  6 draconian annihilators
  9 ironbound thunderhulks
  The ghost of Doldom the Grappler, a journeyman TrBe of Trog (Lair:3)
  23 green draconians
  3 deep elf annihilators
  6 eleionomae
  14 black draconians
  10 red draconians
  11 white draconians
  6 statues (WizLab)
  4 vampire knights
  9 yellow draconians
  22 purple draconians
  5 dire elephants
  4 bunyips
  2 deep elf death magi
  4 spark wasps
  8 ettins
  11 fire dragons
  A green death (D:15)
  An eidolon (Depths:2)
  An entropy weaver (Vaults:4)
  A shambling mangrove (Swamp:4)
  The ghost of Kave the Grappler, a journeyman TrSh of Sif Muna (D:11)
  8 yaktaur captains
  4 salamander tyrants
  3 deep elf high priests
  10 ice dragons
  A peacekeeper (Vaults:4)
  6 alligators
  3 ghost crabs
  6 great orbs of eyes
  6 rakshasas
  21 hydras
  A hell beast (Depths:2)
  5 spriggan air magi
  15 centaur warriors
  40 vault guards
  6 ironbound frosthearts
  2 ogre magi
  13 anacondas
  A boulder beetle (shapeshifter) (Depths:2)
  A catoblepas (D:11)
  6 two-headed ogres
  9 deep troll shamans
  2 two-headed ogres (shapeshifter)
  5 boulder beetles
  8 deep troll earth magi
  A hell hog (Depths:2)
  6 orc high priests
  8 naga warriors
  A titan zombie (Vaults:4)
  5 spriggan berserkers
  8 tengu warriors
  15 spriggans
  8 hell knights
  11 naga sharpshooters
  9 shock serpents
  A sixfirhy (Depths:1)
  5 soul eaters
  5 skeletal warriors (D:13)
  A skyshark (Lair:4)
  A spark wasp zombie (Depths:3)
  3 large abominations (Depths:1)
  A quicksilver dragon simulacrum (Depths:2)
  4 iron trolls
  8 salamander mystics
  2 death drakes (Zot:3)
  A sea snake (shapeshifter) (Depths:3)
  A storm dragon skeleton (Depths:3)
  71 deep trolls
  2 flayed ghosts
  A spriggan druid (Swamp:1)
  7 bog bodies
  13 swamp dragons
  9 spriggan simulacra (IceCv)
  4 goliath frogs
  A shadow demon (D:14)
  17 ironbound convokers
  11 orc knights
  10 lindwurms
  2 orange crystal statues (Vaults:4)
  9 naga ritualists
  2 glowing orange brains
  5 phantasmal warriors
  An obsidian statue (IceCv)
  3 necromancers
  11 arcanists
  4 harpies (Vaults:2)
  8 mana vipers
  6 orc sorcerers (Orc:2)
  2 deep elf pyromancers
  A salamander (shapeshifter) (Vaults:5)
  5 cyclopes
  7 manticores
  52 ugly things
  3 oklob plants
  18 salamanders
  8 kobold blastminers
  17 moths of wrath
  2 frost giant skeletons
  2 torpor snails
  17 elephants
  23 vault sentinels
  A torpor snail (shapeshifter) (Depths:3)
  2 molten gargoyles (Lair:5)
  A black mamba (shapeshifter) (D:14)
  44 black mambas
  A smoke demon (Depths:1)
  4 guardian serpents (Snake:4)
  An ice statue (Swamp:2)
  11 naga magi
  A cane toad (shapeshifter) (D:15)
  A red draconian zombie (Zot:3)
  5 gargoyles
  6 unseen horrors
  9 cane toads
  7 freezing wraiths
  2 rime drakes
  34 yaktaurs
  19 komodo dragons
  2 golden dragon simulacra
  23 tengu conjurers
  3 anaconda simulacra (IceCv)
  7 ice devils (IceCv)
  6 meliai (D:15)
  A wolf spider simulacrum (D:15)
  3 red devils (Orc:2)
  15 hornets
  10 trolls
  A bloated husk (Swamp:3)
  10 tyrant leeches
  2 alligator simulacra (IceCv)
  A tarantella (shapeshifter) (Vaults:5)
  4 glass eyes
  15 blink frogs
  35 slime creatures
  8 dream sheep
  A slime creature (shapeshifter) (Vaults:5)
  A culicivora (Vaults:4)
  Sigmund (D:3)
  2 vampires
  4 small abominations (Depths:1)
  A wraith (D:10)
  2 dire elephant simulacra (IceCv)
  24 yaks
  8 wyverns
  10 basilisks
  A golden eye (shapeshifter) (D:13)
  2 steam dragons (Lair:5)
  5 vampire mosquitoes
  9 minotaur simulacra (IceCv)
  3 chaos spawn (Depths:1)
  11 swamp worms
  Menkaure (D:6)
  Edmund (D:4)
  2 harpy simulacra (IceCv)
  30 nagas
  4 acid dragons
  19 water moccasins
  Duvessa (D:4)
  A glowing shapeshifter skeleton (Depths:3)
  A hydra simulacrum (IceCv)
  23 orc warriors
  3 hell hounds (Lair:5)
  A black bear (Lair:3)
  A human zombie (Vaults:4)
  10 swamp drakes
  A sky beast (D:7)
  5 wolves (Lair:5)
  8 boggarts
  8 centaurs
  2 ettin simulacra (IceCv)
  8 ogres
  A crocodile (Sewer)
  2 phantoms
  4 kobold brigands
  11 bullfrogs
  3 necrophages (D:6)
  A gnoll sergeant (D:5)
  4 scorpions
  7 deep troll simulacra (IceCv)
  15 wights
  Dowan (D:4)
  8 killer bees
  An electric eel (D:7)
  2 howler monkeys (D:8)
  5 lava snakes (Lair:5)
  A bullfrog zombie (D:6)
  3 hounds
  3 jellies
  Crazy Yiuf (D:2)
  26 orc priests
  4 gnoll boudas (D:7)
  Jessica (D:3)
  3 iguanas
  2 sleepcaps
  26 orc wizards
  A killer bee zombie (D:6)
  Robin (D:4)
  A howler monkey zombie (D:6)
  28 gnolls
  4 river rats (Sewer)
  10 adders
  A shadow imp (D:8)
  6 ufetubi
  5 dart slugs
  71 orcs
  7 ball pythons
  2 bats (D:3)
  5 endoplasms
  13 giant cockroaches
  9 hobgoblins
  5 jackals
  21 kobolds
  8 quokkas
  A frilled lizard (D:1)
  17 goblins
  9 rats
1982 creatures vanquished.

Vanquished Creatures (collateral kills)
  A dread lich (Zot:5)
  An orb of fire (Zot:5)
  3 Killer Klowns (Zot:5)
  The ghost of Nycvuote the Transmogrifier, an adept DrSh of Sif Muna (Vaults:4)
  2 golden dragons (Zot:5)
  3 electric golems (Zot:5)
  8 Orb Guardians (Zot:5)
  A shadow dragon (Zot:5)
  2 draconian knights (Zot:5)
  A draconian shifter (Zot:5)
  An orc warlord (Vaults:4)
  A draconian annihilator (Zot:5)
  A stone giant (Vaults:4)
  A yellow draconian (Zot:5)
  A white draconian (Zot:5)
  A naga warrior (Snake:2)
  A tengu warrior (D:13)
  A harpy (Vaults:4)
  2 moths of wrath (Zot:5)
  A vault sentinel (Vaults:4)
  A slime creature (Vaults:4)
  A naga (Snake:2)
36 creatures vanquished.

Vanquished Creatures (others)
  A Killer Klown (Zot:5)
  10 Orb Guardians (Zot:5)
  A purple draconian (Zot:4)
  A statue (WizLab)
  An orc knight (Orc:2)
  2 bloated husks
  An orc warrior (Vaults:5)
  An orc wizard (Orc:2)
  4 tentacles (Swamp:4)
22 creatures vanquished.

Grand Total: 2040 creatures vanquished

Notes
Turn   | Place    | Note
-------+----------+-------------------------------------------
     0 | D:1      | EngineV8 the Ogre Enchanter began the quest for the Orb.
     0 | D:1      | Reached XP level 1. HP: 16/16 MP: 3/3
   214 | D:1      | Reached skill level 1 in Fighting
   282 | D:1      | Reached skill level 2 in Fighting
   453 | D:1      | Reached XP level 2. HP: 28/28 MP: 5/5
   466 | D:1      | Reached skill level 3 in Fighting
   581 | D:1      | Learned a level 2 spell: Ensorcelled Hibernation
   697 | D:1      | Reached XP level 3. HP: 34/37 MP: 7/7
  1312 | D:2      | Reached skill level 1 in Ice Magic
  1469 | D:2      | Reached XP level 4. HP: 31/45 MP: 1/8
  1885 | D:2      | Found a runed translucent door.
  1886 | D:2      | Noticed Crazy Yiuf
  2085 | D:2      | Reached skill level 4 in Fighting
  2088 | D:2      | Reached XP level 5. HP: 55/55 MP: 9/9
  2157 | D:2      | Learned a level 3 spell: Frozen Ramparts
  2727 | D:3      | Reached skill level 5 in Fighting
  2744 | D:3      | Noticed Jessica
  2778 | D:3      | Killed Jessica
  2812 | D:3      | Noticed Sigmund
  2844 | D:3      | Killed Sigmund
  2845 | D:3      | Reached XP level 6. HP: 67/67 MP: 8/12
  2857 | D:3      | Found a white marble altar of Elyvilon.
  3006 | D:3      | Reached skill level 6 in Fighting
  3076 | D:3      | Found a glowing drain.
  3101 | Sewer    | Entered a sewer
  3273 | Sewer    | Reached XP level 7. HP: 61/75 MP: 10/13
  4219 | D:3      | Found a bloodstained altar of Trog.
  4226 | D:3      | Reached skill level 5 in Spellcasting
  4581 | D:4      | Noticed Robin
  4619 | D:4      | Noticed Duvessa
  4621 | D:4      | Noticed Dowan
  4836 | D:4      | Found an iron altar of Okawaru.
  4891 | D:4      | Reached skill level 1 in Shields
  4982 | D:4      | Noticed Edmund
  5019 | D:4      | Killed Edmund
  5109 | D:4      | Reached XP level 8. HP: 52/83 MP: 9/16
  5242 | D:4      | Found an opulent altar of Gozag.
  5290 | D:4      | Killed Robin
  5467 | D:4      | Killed Dowan
  5471 | D:4      | Killed Duvessa
  5477 | D:4      | Reached skill level 5 in Ice Magic
  5957 | D:5      | Entered Level 5 of the Dungeon
  6079 | D:5      | Reached skill level 7 in Fighting
  6222 | D:5      | Reached skill level 8 in Fighting
  6276 | D:5      | Reached skill level 9 in Fighting
  6276 | D:5      | Reached XP level 9. HP: 91/98 MP: 12/18
  6281 | D:5      | Reached skill level 1 in Unarmed Combat
  6462 | D:5      | Identified the +2 pair of boots of Zizi {Str+3}
  6741 | D:5      | Got the Discursus on Trauma
  7416 | D:6      | Found a blossoming altar of Fedhas.
  7438 | D:6      | Learned a level 3 spell: Hailstorm
  7470 | D:6      | Reached skill level 10 in Fighting
  7778 | D:6      | Noticed Menkaure
  7929 | D:6      | Found a sacrificial altar of Ru.
  8302 | D:6      | Found a burning altar of Makhleb.
  8770 | D:6      | Found a sacrificial altar of Ru.
  8874 | D:6      | Killed Menkaure
  9029 | D:6      | Found a burning altar of Makhleb.
  9509 | D:7      | Found a snail-covered altar of Cheibriados.
  9810 | D:7      | Reached skill level 11 in Fighting
 10190 | D:7      | Found a staircase to the Ecumenical Temple.
 10199 | Temple   | Entered the Ecumenical Temple
 10351 | D:4      | Became a worshipper of Gozag Ym Sagoz the Greedy
 10448 | D:7      | Reached XP level 10. HP: 114/114 MP: 6/19
 11175 | D:7      | Reached skill level 5 in Unarmed Combat
 11346 | D:8      | Found a transporter.
 11365 | D:8      | Noticed a two-headed ogre
 11367 | D:8      | Noticed a centaur warrior
 11391 | D:8      | Noticed a two-headed ogre
 11391 | D:8      | Noticed a gargoyle
 11881 | D:8      | Reached skill level 12 in Fighting
 12693 | D:8      | Noticed a manticore
 12694 | D:8      | Noticed a centaur warrior
 12747 | D:8      | Learned a level 1 spell: Freeze
 12769 | D:8      | Killed a gargoyle
 12808 | D:8      | Killed a two-headed ogre
 13490 | D:8      | Found a transporter.
 13561 | D:9      | Reached skill level 1 in Shapeshifting
 13801 | D:9      | Found Daonyah's Jewellery Boutique.
 13915 | D:9      | Reached XP level 11. HP: 107/123 MP: 1/20
 14410 | D:9      | Found a radiant altar of Vehumet.
 14591 | D:9      | Noticed a two-headed ogre
 14607 | D:9      | Killed a two-headed ogre
 14608 | D:9      | Reached skill level 5 in Shapeshifting
 14758 | D:10     | Entered Level 10 of the Dungeon
 14768 | D:10     | Found a shimmering altar of Xom.
 15159 | D:10     | Identified the +4 ring mail of Subjectivity {Int+2}
 15284 | D:10     | Identified a scroll of acquirement
 15285 | D:10     | Acquired the ring of Wops {rPois MP-9 Str+5 Dex+6 Slay+2}
 15833 | D:11     | Noticed a two-headed ogre
 15835 | D:11     | Noticed Kave's ghost (journeyman TrSh)
 15847 | D:11     | Found a runed translucent gate.
 15847 | D:11     | Found a runed translucent gate.
 15847 | D:11     | Found a runed translucent gate.
 16690 | D:11     | Found a staircase to the Lair.
 17060 | D:12     | Noticed a boulder beetle
 17147 | D:12     | Noticed a manticore
 17169 | D:11     | Killed a boulder beetle
 17307 | D:12     | Killed a manticore
 17421 | D:12     | Noticed a boulder beetle
 17460 | D:12     | Killed a boulder beetle
 17461 | D:12     | Reached skill level 13 in Fighting
 17595 | D:12     | Noticed a red ugly thing
 17884 | D:12     | Killed a green ugly thing
 17955 | D:12     | Found a gateway to a bazaar.
 18083 | D:12     | Noticed a boulder beetle
 18106 | D:12     | Killed a boulder beetle
 18107 | D:12     | Reached XP level 12. HP: 108/137 MP: 6/21
 18489 | D:12     | Noticed a two-headed ogre
 18496 | D:12     | Killed a two-headed ogre
 18497 | D:12     | Reached skill level 14 in Fighting
 18659 | D:12     | Found a staircase to the Orcish Mines.
 18773 | Bazaar   | Entered a bazaar
 18775 | Bazaar   | Found Seel's General Store.
 18779 | Bazaar   | Found Lexzumn's Jewellery Boutique.
 18779 | Bazaar   | Found Woliloin's Jewellery Boutique.
 18780 | Bazaar   | Found Lucwagro's Book Boutique.
 18830 | Bazaar   | Bought a ring of protection from fire for 300 gold pieces
 18830 | Bazaar   | Bought a ring of protection from cold for 300 gold pieces
 19136 | D:13     | Noticed a boulder beetle
 19140 | D:13     | Noticed a vault guard
 19150 | D:13     | Killed a vault guard
 19262 | D:13     | Noticed a five-headed hydra
 19267 | D:13     | Killed a five-headed hydra
 19268 | D:13     | Reached skill level 15 in Fighting
 19458 | D:13     | Noticed a two-headed ogre
 19467 | D:13     | Killed a two-headed ogre
 19688 | D:13     | Killed a boulder beetle
 19710 | D:13     | Found a gate to the Vaults.
 20083 | D:13     | Noticed a tengu warrior
 20083 | D:13     | Noticed a tengu warrior
 20090 | D:13     | Killed a tengu warrior
 20281 | D:13     | Killed a tengu warrior
 20448 | D:13     | Noticed a centaur warrior
 20453 | D:13     | Killed a centaur warrior
 20454 | D:13     | Reached skill level 1 in Evocations
 21064 | D:13     | Reached XP level 13. HP: 102/147 MP: 13/22
 22085 | Lair:1   | Entered Level 1 of the Lair of Beasts
 22098 | D:11     | Reached skill level 10 in Shapeshifting
 22651 | Lair:1   | Identified the +2 mace of Plunder {flame, rPois}
 24440 | Lair:2   | Identified the +1 pair of gloves "Sizi" {rElec rPois Regen+
                  | Stlth-}
 24480 | Lair:3   | Found a runed translucent door.
 24480 | Lair:3   | Noticed Doldom's ghost (journeyman TrBe)
 24509 | Lair:3   | Reached skill level 16 in Fighting
 24533 | Lair:3   | Found a staircase to the Swamp.
 24637 | Lair:3   | Found a staircase to the Snake Pit.
 24650 | Lair:3   | Reached skill level 5 in Evocations
 24763 | Lair:3   | Reached skill level 5 in Stealth
 25072 | Lair:3   | Reached XP level 14. HP: 129/163 MP: 14/23
 25072 | Lair:3   | Identified the +10 sling of True Grit {flame, Int+3 Dex+3}
 25080 | Lair:3   | Identified the ring of Balance {rN+ Dex+5}
 25487 | Lair:4   | Reached skill level 17 in Fighting
 26034 | Lair:4   | Found a staircase to the Slime Pits.
 26331 | Lair:5   | Entered Level 5 of the Lair of Beasts
 27058 | Lair:5   | Reached skill level 10 in Unarmed Combat
 27058 | Lair:5   | Reached XP level 15. HP: 175/175 MP: 15/24
 27165 | Lair:5   | Reached skill level 18 in Fighting
 27737 | Lair:5   | Noticed Nessos
 28027 | Lair:5   | Nessos changed into Nessos the glass eye
 28027 | Lair:5   | Noticed Nessos
 28029 | Lair:5   | Killed Nessos the glass eye
 28060 | Lair:5   | Found a large runed translucent door.
 28060 | Lair:5   | Found a large runed translucent door.
 28421 | D:11     | Bought a book of Changes for 234 gold pieces
 28424 | D:11     | Learned a level 2 spell: Wereblood
 28426 | D:11     | Bought a phial of floods for 480 gold pieces
 28428 | D:11     | Bought a scroll of fear for 60 gold pieces
 28428 | D:11     | Bought a scroll of teleportation for 45 gold pieces
 28428 | D:11     | Bought a scroll of teleportation for 45 gold pieces
 28472 | D:11     | Reached skill level 1 in Transmutations
 28493 | D:11     | Killed Kave's ghost
 28500 | D:11     | Identified the +0 chain mail of the Loofah {+Blink rPois}
 28738 | D:2      | Killed Crazy Yiuf
 29253 | D:8      | Learned a level 1 spell: Apportation
 29472 | Lair:3   | Killed Doldom's ghost
 29629 | Orc:1    | Entered Level 1 of the Orcish Mines
 29992 | Orc:2    | Entered Level 2 of the Orcish Mines
 30068 | Orc:1    | Reached XP level 16. HP: 185/185 MP: 13/25
 30118 | Orc:1    | Found a bloodstained altar of Trog.
 30606 | Orc:2    | Reached skill level 5 in Transmutations
 30770 | Orc:2    | Found a staircase to the Elven Halls.
 31732 | Orc:2    | Found Olisatt's Armour Shoppe.
 31732 | Orc:2    | Found Hanekkio's Antique Weapon Shoppe.
 32028 | Orc:2    | Found Caetaf's Antique Armour Boutique.
 32028 | Orc:2    | Found Ilosis's General Store.
 32397 | Snake:1  | Entered Level 1 of the Snake Pit
 33692 | Snake:1  | Found a large runed translucent door.
 33692 | Snake:1  | Found a large runed translucent door.
 33693 | Snake:1  | Noticed Cuemoqil's ghost (journeyman TrDe)
 33908 | Snake:2  | Noticed Donald
 33918 | Snake:2  | Killed Donald
 33930 | Snake:2  | Reached skill level 19 in Fighting
 33964 | Snake:2  | Found Bureribo's Assorted Antiques.
 33977 | Snake:2  | Bought a potion of lignification for 96 gold pieces
 33978 | Snake:2  | Found Vaffisug's Armour Shop.
 34000 | Snake:2  | Found Vouffumo's Assorted Antiques.
 34005 | Snake:2  | Bought a potion of invisibility for 248 gold pieces
 34057 | Snake:2  | Identified the serpent talisman "Fify" {rC+}
 34057 | Snake:2  | Noticed Aizul
 34066 | Snake:2  | Found Foklez's Antique Armour Shoppe.
 34334 | Snake:2  | Killed Aizul
 35738 | Snake:3  | Reached XP level 17. HP: 154/200 MP: 2/26
 36086 | Snake:3  | Reached skill level 10 in Stealth
 37518 | Snake:4  | Entered Level 4 of the Snake Pit
 37651 | Snake:3  | Reached skill level 20 in Fighting
 39831 | Snake:4  | Noticed Vashnia
 40040 | Snake:4  | Killed Vashnia
 40041 | Snake:4  | Reached skill level 15 in Unarmed Combat
 41042 | Snake:4  | Reached skill level 21 in Fighting
 41865 | Snake:4  | Reached skill level 22 in Fighting
 42007 | Snake:4  | Got a serpentine rune of Zot
 42104 | Lair:3   | Bought a scroll of blinking for 135 gold pieces
 42160 | Swamp:1  | Entered Level 1 of the Swamp
 42177 | Swamp:1  | Reached XP level 18. HP: 219/219 MP: 15/27
 42205 | Swamp:1  | Upgraded the game from 0.31-a0-1205-g5e5e916 to
                  | 0.31-a0-1206-g41278d8
 42400 | Swamp:1  | Found a shadowy altar of Dithmenos.
 43067 | Swamp:2  | Found a frozen archway.
 43110 | IceCv    | Entered an ice cave
 43536 | IceCv    | Reached skill level 23 in Fighting
 43947 | IceCv    | Noticed an Ice Fiend
 43954 | IceCv    | Killed an Ice Fiend
 44134 | IceCv    | Identified the scarf of the Ageless Quests {shadows, Dex+4}
 44878 | Swamp:2  | Learned a level 3 spell: Ozocubu's Armour
 44881 | Swamp:2  | Learned a level 2 spell: Blink
 44884 | Swamp:2  | Learned a level 2 spell: Lesser Beckoning
 45361 | Swamp:2  | Reached skill level 1 in Translocations
 46681 | Swamp:4  | Entered Level 4 of the Swamp
 47735 | Swamp:4  | Reached skill level 5 in Translocations
 48080 | Swamp:4  | Reached skill level 24 in Fighting
 48080 | Swamp:4  | Reached XP level 19. HP: 160/234 MP: 19/28
 48596 | Swamp:4  | Got a decaying rune of Zot
 49578 | Vaults:1 | Entered Level 1 of the Vaults
 50648 | Vaults:1 | Found a runed translucent door.
 52968 | Vaults:2 | Noticed a tentacled monstrosity
 52982 | Vaults:2 | Killed a tentacled monstrosity
 53269 | Vaults:2 | Reached skill level 25 in Fighting
 53474 | Vaults:2 | Reached XP level 20. HP: 230/248 MP: 8/32
 54808 | Vaults:2 | You fall into a shaft and drop 2 floors!
 56707 | Vaults:4 | Found a transporter.
 56711 | Vaults:4 | Noticed Nycvuote's ghost (adept DrSh)
 56729 | Vaults:4 | Noticed Deul's ghost (adept FeBe)
 56732 | Vaults:4 | Found a transporter.
 56739 | Vaults:4 | Noticed a golden dragon
 56827 | Vaults:4 | Reached skill level 15 in Shapeshifting
 58123 | Vaults:2 | Reached XP level 21. HP: 257/257 MP: 24/33
 58137 | Vaults:2 | Learned a level 5 spell: Irradiate
 58567 | Lair:3   | Bought a dragon-blood talisman for 1140 gold pieces
 59581 | Vaults:3 | Found a staircase to the Crypt.
 59581 | Vaults:3 | Found an ancient bone altar of Kikubaaqudgha.
 59581 | Vaults:3 | Found a basalt altar of Yredelemnul.
 59887 | Vaults:3 | Noticed Xtahua
 59898 | Vaults:3 | Killed Xtahua
 60385 | Vaults:3 | Found Luleuc's Weapon Shop.
 61561 | Snake:1  | Killed Cuemoqil's ghost
 61733 | Snake:3  | Identified the ring of Axyrgh {Ice Int+5 SInv}
 61792 | Snake:3  | Identified the +3 ring mail "Hygigyt" {rF+}
 62174 | D:14     | Reached skill level 26 in Fighting
 62661 | D:15     | Entered Level 15 of the Dungeon
 62943 | D:15     | Found a staircase to the Depths.
 64693 | Depths:1 | Entered Level 1 of the Depths
 64944 | Depths:1 | Found a stormy altar of Qazlal.
 65412 | Depths:1 | Found a one-way gate to the infinite horrors of the Abyss.
 65506 | Depths:1 | Reached XP level 22. HP: 273/273 MP: 25/34
 65515 | Depths:1 | Found a one-way gate leading to the halls of Pandemonium.
 65597 | Depths:1 | Found a gateway to Hell.
 65632 | Depths:1 | Found a one-way gateway to a ziggurat.
 66262 | Depths:2 | Identified the +2 mace of Mafom {holy, Dex+3}
 66872 | Depths:2 | Found a corrupted altar of Lugonu.
 66950 | Depths:2 | Noticed a caustic shrike
 66958 | Depths:2 | Killed a caustic shrike
 67524 | Depths:2 | Reached skill level 1 in Conjurations
 67945 | Depths:2 | Reached skill level 27 in Fighting
 68601 | Depths:2 | Found Dacal's Weapon Shop.
 68982 | Depths:3 | Found a magical portal.
 69104 | WizLab   | Entered Iskenderun's Mystic Tower
 69856 | WizLab   | Got Iskenderun's Papyrus of Forces
 69856 | WizLab   | Got Iskenderun's Codex of the Several Friars
 70141 | Depths:3 | Noticed a golden dragon
 70145 | Depths:3 | Killed a golden dragon
 70153 | Depths:3 | Reached XP level 23. HP: 284/284 MP: 24/35
 70154 | Depths:3 | Reached skill level 5 in Conjurations
 70193 | Depths:3 | Noticed a golden dragon
 70199 | Depths:3 | Killed a golden dragon
 70219 | Depths:3 | Noticed a caustic shrike
 70225 | Depths:3 | Noticed a caustic shrike
 70228 | Depths:3 | Killed a caustic shrike
 70230 | Depths:3 | Noticed a caustic shrike
 70233 | Depths:3 | Killed a caustic shrike
 70236 | Depths:3 | Killed a caustic shrike
 70240 | Depths:3 | Noticed a juggernaut
 70246 | Depths:3 | Killed a juggernaut
 70410 | Depths:3 | Reached skill level 10 in Transmutations
 70548 | Depths:3 | Found a hide-covered altar of Uskayaw.
 70945 | Depths:3 | Identified the +0 helmet of Cesse {Rampage rElec rPois
                  | Str-5}
 71404 | Depths:3 | Identified the +2 robe of Zoumoase {rF+ Dex+3}
 71938 | Depths:3 | Noticed Louise
 71946 | Depths:3 | Killed Louise
 72000 | Depths:4 | Entered Level 4 of the Depths
 72268 | Depths:4 | Noticed a golden dragon
 72285 | Depths:4 | Killed a golden dragon
 72620 | Depths:4 | Noticed a juggernaut
 72649 | Depths:4 | Noticed a caustic shrike
 72649 | Depths:4 | Noticed a caustic shrike
 72649 | Depths:4 | Noticed a caustic shrike
 72824 | Depths:4 | Reached skill level 15 in Stealth
 72833 | Depths:4 | Reached XP level 24. HP: 280/280 MP: 26/35
 72901 | Depths:4 | Killed a caustic shrike
 72921 | Depths:4 | Killed a caustic shrike
 72926 | Depths:4 | Killed a caustic shrike
 72966 | Depths:4 | Killed a juggernaut
 72967 | Depths:4 | Reached skill level 10 in Conjurations
 73050 | Depths:4 | Found a gate to the Realm of Zot.
 74382 | Vaults:4 | Reached skill level 5 in Dodging
 74414 | Vaults:4 | Killed Nycvuote's ghost
 74427 | Vaults:4 | Identified the ring "Qocri" {^Drain AC+4 Str+3 Int+2 Dex+2}
 74437 | Vaults:4 | Killed Deul's ghost
 74649 | Vaults:5 | Entered Level 5 of the Vaults
 77407 | Vaults:5 | Reached skill level 10 in Dodging
 77645 | Vaults:5 | Identified the +7 bardiche "Azob" {freeze, Will- Str+2
                  | Int+4}
 78210 | Vaults:5 | Noticed an ancient lich
 78251 | Vaults:5 | Killed an ancient lich
 78320 | Vaults:5 | Identified the +0 robe of Niwkuc {rF+ rC+ rN+ Dex+3}
 78697 | Vaults:5 | Identified the ring of Jiwnus {rF++ rC+ Str-4 Int+6 Slay+3}
 78936 | Vaults:5 | Reached XP level 25. HP: 304/304 MP: 26/35
 78992 | Vaults:5 | Paralysed by a sphinx for 2 turns
 79330 | Vaults:5 | Got a silver rune of Zot
 79485 | Vaults:5 | Identified the +3 hand axe of Victory {heavy, rF+ Will++}
 79503 | Vaults:5 | Identified the +8 halberd "Qeghoxao" {protect, Dex+3}
 79522 | Vaults:5 | Identified the +2 spear "Arbiter" {spect, rN+ Int+2 Dex-3
                  | SInv}
 80405 | Orc:2    | Bought a potion of enlightenment for 55 gold pieces
 80983 | Zot:1    | Entered Level 1 of the Realm of Zot
 81011 | Zot:1    | You are sucked into a shaft and drop 1 floor!
 81022 | Zot:2    | Noticed a Killer Klown
 81032 | Zot:2    | Killed a Killer Klown
 82994 | Zot:1    | Reached skill level 15 in Dodging
 83711 | Zot:2    | Identified the +5 flail "Fusounug" {freeze, Str+4 SInv}
 85422 | Zot:2    | Reached XP level 26. HP: 262/314 MP: 16/35
 85871 | Zot:3    | Found a transporter.
 85897 | Zot:3    | Learned a level 2 spell: Passwall
 88835 | Zot:3    | Found a transporter.
 90855 | Zot:5    | Entered Level 5 of the Realm of Zot
 91161 | Zot:5    | Noticed a Killer Klown
 91169 | Zot:5    | Killed a Killer Klown
 91913 | Zot:5    | Noticed an orb of fire
 91913 | Zot:5    | Noticed an orb of fire
 91913 | Zot:5    | Noticed a Killer Klown
 91914 | Zot:5    | Noticed an orb of fire
 91914 | Zot:5    | Noticed a Killer Klown
 91917 | Zot:5    | Noticed an orb of fire
 91918 | Zot:5    | Noticed an orb of fire
 91921 | Zot:5    | Reached XP level 27. HP: 323/323 MP: 24/35
 91921 | Zot:5    | Noticed an orb of fire
 91954 | Zot:5    | Noticed an orb of fire
 91958 | Zot:5    | Noticed an orb of fire
 91960 | Zot:5    | Noticed an orb of fire
 91962 | Zot:5    | Noticed an orb of fire
 91970 | Zot:5    | Noticed a dread lich
 91991 | Zot:5    | Killed an orb of fire
 92001 | Zot:5    | Killed a dread lich
 92244 | Zot:5    | Gained mutation: Armour fits poorly on your strangely
                  | shaped body. [an orb of fire]
 92245 | Zot:5    | Gained mutation: Your body sometimes deteriorates upon
                  | taking damage. [an orb of fire]
 92253 | Zot:5    | Got the Orb of Zot
 92631 | D:6      | Noticed Muonepn the pandemonium lord
 92801 | D:$      | Escaped with the Orb!

Illustrated notes

Levels and vault maps discovered:
D:1:      lemuel_arrival_tunnels, layout_loops_ring,
          hangedman_abyss_or_decor_lesser_grid, minmay_misc_feat_cross
D:2:      layout_basic, minmay_small_reverse_x, uniq_crazy_yiuf_cottage
D:3:      layout_loops_corners, elyvilon_altar_3, lemuel_crystal_altar,
          serial_forest, infiniplex_forest_clump_long,
          infiniplex_forest_clump_small, infiniplex_forest_lined_corner,
          infiniplex_forest_clump_tiny, infiniplex_forest_end_2,
          infiniplex_forest_lined_corner, infiniplex_forest_straight_4,
          gup_sewer_entry_pipe, hangedman_decor_push,
          chequers_serial_rivers_large_b, kennysheep_generic_room_5,
          uniq_sigmund, uniq_jessica
D:4:      layout_cave_pools, hellmonk_okawaru_the_only_friend_you_need,
          mainiacjoe_overflow_catwalk, uniq_robin, uniq_edmund, uniq_duvessa
D:5:      layout_basic, serial_park_tiny_2, minmay_starry_boxes
D:6:      layout_gridville, nicolae_ru_path_of_blood,
          fedhas_altar_decomposition, overflow_temple_1_default, uniq_menkaure
D:7:      layout_cave_pods, mainiacjoe_overflow_cross_hatched, temple_hall,
          serial_bayou, serial_bayou_shore_a, serial_bayou_lake_a,
          serial_bayou_pond_e, serial_bayou_shore_b
D:8:      gammafunk_the_bubble [the_bubble_gammafunk_grid], layout_cave_pools
D:9:      layout_cave_pools, fiery_altar_vehumet, serial_shops,
          nicolae_take_the_stairs
D:10:     layout_roguey, mainiacjoe_overflow_alcove_1
D:11:     layout_loops_ring, david_lair_generic, gammafunk_ghost_split,
          kennysheep_decorative_pillar
D:12:     layout_loops_ring, david_orc_1_choice, serial_shops, bzr_entry_gold
D:13:     layout_long_grid, david_vaults_5
D:14:     layout_rooms, minivault_23, st_stairs_3
D:15:     hangedman_depths_entry_try_elsewhere_first, layout_rooms,
          chequers_serial_rivers_small_3
Temple:   nicolae_temple_bog_church
Lair:1:   layout_concentric_octagons, enter_volcano_2, serial_bayou_pond_e,
          minmay_hedge_maze, pdpol_lair_neglected_garden
Lair:2:   layout_small_grid
Lair:3:   layout_chaotic_city, minmay_swamp_entry_worms,
          guppyfry_snake_entry_island, gammafunk_ghost_grave,
          minmay_lair_oklob_items
Lair:4:   layout_loops_ring, minmay_slime_entry_oklob_enclosed, st_stairs_4
Lair:5:   cheibrodos_lair_end_hotspot, layout_hall_layers, uniq_nessos
Swamp:1:  layout_falls_marsh, basic_altar, swamp_pool_1_2,
          infiniplex_staircase_pool, nicolae_swamp_long_stream
Swamp:2:  layout_falls_marsh, portal_ice_cave_entry_ice_statue_one,
          serial_swamp_ruin, evilmike_swamp_ruin_rubble_2,
          evilmike_swamp_ruin_house_5, evilmike_swamp_ruin_house_4
Swamp:3:  layout_basic_swamp, nicolae_swamp_fairy_circle,
          nicolae_swamp_tree_isthmus
Swamp:4:  swamp_basic_johnstein, layout_basic_swamp, swamp_pool_5,
          nicolae_swamp_thats_no_hydra
Snake:1:  layout_rooms, ebering_ghost_disaster_area,
          nicolae_snake_round_shape_thing
Snake:2:  layout_onion_interference, serial_shops, shop_statue, shop,
          nicolae_shop_statue_plus, nicolae_shop_temple_entry_statues_fountains,
          uniq_aizul, uniq_donald
Snake:3:  cheibrodos_snake_lava_hold, layout_cave_shapes,
          serial_library_hellmonk_h_bend
Snake:4:  johnstein_snake_rune_scales, layout_rooms, drop_trap,
          hangedman_snake_corridor_split, uniq_vashnia
Orc:1:    layout_caves, basic_altar
Orc:2:    st_orc_elflike, layout_caves, basic_altar,
          einodemon_armed_red_devil_minivault
Vaults:1: grunt_vaults_focal, ontoclasm_vaults_ligature, vaults_mumra_minichess,
          vaults_room_pools, nicolae_vaults_oozy_zoo, nicolae_vaults_diamond_1,
          nicolae_vaults_trapezoid_lopsided_3, layout_vaults_omnigrid
Vaults:2: v_misc_18, dpeg_vaults_monster_row, v_pattern_5,
          hangedman_vaults_unwind, nicolae_vaults_little_squares_5,
          hangedman_vaults_trim, ontoclasm_vaults_idyll, ontoclasm_vaults_chip,
          ontoclasm_vaults_idyll, vaults_dpeg_encased_lava,
          layout_vaults_maze_bifur
Vaults:3: nicolae_vaults_shipping_containers_1, minmay_crypt_entry_necro_gods,
          nicolae_vaults_weapon_check, nicolae_vaults_taking_the_gang_shopping,
          hangedman_vaults_nails, nicolae_vaults_diagonal_hallway_7,
          nicolae_vaults_mitosis, nicolae_vaults_little_squares_5, v_misc_25,
          ontoclasm_vaults_loading_screen, v_pattern_4, minmay_orc_keep,
          layout_vaults_ring, uniq_xtahua
Vaults:4: nzn_ghost_randoct, vaults_room_fancy_cross, nicolae_vaults_theta,
          grunt_vaults_diagonal, nicolae_vaults_border_crossing,
          ontoclasm_vaults_bender, hangedman_vaults_corner,
          nicolae_vaults_alarming, nicolae_vaults_closet_pinwheel_1,
          vaults_room_guarded_vault, layout_vaults_omnicross
Vaults:5
Depths:1: layout_twisted_cross, enter_ziggurat_f, serial_sigils,
          serial_sigils_hangedman_gnaw, serial_sigils_hangedman_snap,
          serial_sigils_hangedman_stare, serial_sigils_hangedman_gut,
          serial_sigils_hangedman_scratch, serial_sigils_hangedman_snap,
          minmay_room_of_horrors, chequers_jeans, pf_coc_iceberg,
          rand_demon_pan_entry_4, grunt_qazlal_sundering
Depths:2: hangedman_box_tower, layout_gridville, serial_shops,
          nicolae_shop_bloodbath_and_beyond, grunt_mini_vestibule, pan_entry,
          abyss_entry_flame_altar
Depths:3: hangedman_grunt_twisty_little_passages, layout_gridlike,
          grunt_hell_entry_dis_grunt, nicolae_abyss_entry_one_way_or_another,
          mu_enter_wizlab_5, nicolae_uskayaw_dance_hall
Depths:4: grunt_zot_entry_pinwheel, layout_small_grid, pf_hell_entry_tar_river,
          minmay_misc_feat_iff, grunt_megastairs_1
Zot:1:    layout_concentric_octagons
Zot:2:    nicolae_zot_stationary_front, layout_onion
Zot:3:    hangedman_snap_crack_crunch, layout_cathedral_of_symmetry,
          nicolae_diode_basic
Zot:4:    layout_onion_interference
Zot:5:    layout_basic, grunt_ministairs_15

Skill      XL: |  1  2  3  4  5  6  7  8  9 10 11 12 13 14 15 16 17 18 19 20 21 22 23 24 25 26 27 |
---------------+----------------------------------------------------------------------------------+-----
Fighting       | 2 3 4 5 6 9 11 12 13 15 16 17 18 19 22 24 25 26 27 | 27.0
Spellcasting   | 3 4 5 6 8 |  8.0
Ice Magic      | 1 2 3 4 5 8 |  8.0
Shields        | 2 4 |  4.0
Unarmed Combat | 4 6 7 9 10 12 13 15 16 17 18 | 18.0
Shapeshifting  | 3 7 9 10 11 15 16 17 21 22 | 22.0
Evocations     | 2 5 |  5.0
Stealth        | 5 7 8 9 10 11 12 13 15 | 15.0
Transmutations | 4 5 8 9 10 | 10.0
Translocations | 5 |  5.0
Conjurations   | 4 9 10 | 10.0
Dodging        | 12 15 | 15.0
Short Blades   | |  0.8
Hexes          | |  2.6

Action                     |  1- 3 |  4- 6 |  7- 9 | 10-12 | 13-15 | 16-18 | 19-21 | 22-24 | 25-27 || total
---------------------------+-------+-------+-------+-------+-------+-------+-------+-------+-------++-------
  Melee: Dagger            |    73 |     1 |   225 |   114 |       |       |       |       |       ||   413
         Mace              |    27 |   127 |    13 |       |       |       |       |       |       ||   167
         Punch             |     1 |     1 |     1 |       |       |       |    38 |   140 |   113 ||   294
         Whip              |       |       |    27 |       |       |       |       |       |       ||    27
         Unarmed           |       |       |       |   246 |   555 |  1042 |  1146 |   894 |   670 ||  4553
         Constrict         |       |       |       |     6 |   122 |   249 |   173 |       |       ||   550
         Tailslap          |       |       |       |       |       |       |    68 |   169 |   141 ||   378
         Bite              |       |       |       |       |       |       |    48 |   136 |   112 ||   296
  Throw: Large rock        |       |     6 |       |       |       |       |       |       |       ||     6
         Dart              |       |     1 |     5 |     5 |       |       |       |       |       ||    11
   Cast: Ensorcelled Hiber |     9 |     7 |       |     2 |       |       |       |       |       ||    18
         Frozen Ramparts   |       |     8 |    50 |    63 |    21 |     5 |    12 |     3 |     2 ||   164
         Hailstorm         |       |       |    25 |    70 |    13 |     1 |     5 |       |     3 ||   117
         Freeze            |       |       |       |    20 |       |       |       |       |       ||    20
         Wereblood         |       |       |       |       |       |    12 |     5 |     5 |       ||    22
         Lesser Beckoning  |       |       |       |       |       |     5 |    98 |    64 |    59 ||   226
         Ozocubu's Armour  |       |       |       |       |       |     1 |    41 |    21 |    10 ||    73
         Blink             |       |       |       |       |       |       |     1 |     2 |     3 ||     6
         Irradiate         |       |       |       |       |       |       |       |     5 |    12 ||    17
         Passwall          |       |       |       |       |       |       |       |       |     6 ||     6
 Invoke: Call Merchant     |       |       |       |       |     3 |     3 |     1 |       |       ||     7
         Bribe Branch      |       |       |       |       |       |       |       |       |     5 ||     5
Ability: Breathe Fire      |       |       |       |       |       |       |     6 |     5 |     2 ||    13
  Evoke: Wand              |       |       |       |     7 |     1 |     8 |     3 |     7 |     2 ||    28
         Phial of floods   |       |       |       |       |       |     1 |     1 |       |       ||     2
    Use: Scroll            |     2 |       |    13 |    10 |     5 |     9 |     1 |     4 |    13 ||    57
         Potion            |     1 |       |       |     3 |     1 |     1 |     2 |     3 |    13 ||    24
   Stab: Invisible         |     3 |       |       |     1 |       |       |       |       |       ||     4
         Sleeping          |     3 |     6 |     1 |     3 |     7 |    25 |    25 |    17 |     8 ||    95
         Distracted        |       |       |       |       |     7 |    13 |    16 |     9 |     4 ||    49
         Petrified         |       |       |       |       |     3 |       |       |       |       ||     3
         Betrayed ally     |       |       |       |       |       |     1 |       |       |     1 ||     2
 Armour: Robe              |    60 |    83 |   184 |   152 |       |       |       |       |       ||   479
         Skin              |       |       |       |   106 |   399 |   868 |  1045 |  1079 |   736 ||  4233
  Dodge: Dodged            |    42 |    48 |   121 |   154 |   184 |   329 |   314 |   346 |   339 ||  1877
  Block: Kite shield       |       |       |   107 |    98 |       |       |       |       |       ||   205
         Other             |       |       |       |    23 |    92 |    22 |       |       |       ||   137
         Reflection        |       |       |       |     3 |     6 |     4 |       |       |       ||    13
   Form: Serpent           |       |       |       |     2 |       |     1 |     6 |       |       ||     9
                           |       |       |       |     1 |       |       |     4 |       |       ||     5
         Beast             |       |       |       |     1 |       |       |       |       |       ||     1
         Flux              |       |       |       |     1 |       |       |       |       |       ||     1
         Statue            |       |       |       |       |       |       |     1 |       |       ||     1
         Dragon            |       |       |       |       |       |       |     9 |       |       ||     9
         Blade             |       |       |       |       |       |       |     1 |       |       ||     1

Table legend: (Time is in decaauts)
 A = Elapsed time spent in this place.
 B = Non-inter-level travel time spent in this place.
 C = Inter-level travel time spent in this place.
 D = Time resting spent in this place.
 E = Time spent auto-exploring this place.
 F = Levels seen in this place.
 G = Mean time per level.
                   A        B        C        D        E       F      G
               +--------+--------+--------+--------+--------+-----+--------+
         Total |  92025 |  84755 |   7270 |  38273 |  24194 |  49 | 1878.1 |
       Dungeon |  26301 |  22549 |   3752 |   9227 |   6988 |  15 | 1753.4 |
        Temple |      1 |      1 |      0 |      0 |      0 |   1 |    1.0 |
          Lair |   7014 |   6047 |    967 |   1779 |   2695 |   5 | 1402.8 |
         Swamp |   6896 |   6530 |    366 |   3716 |   1189 |   4 | 1724.0 |
     Snake Pit |   9722 |   9526 |    196 |   5863 |   1563 |   4 | 2430.5 |
  Orcish Mines |   2747 |   2532 |    215 |    909 |    790 |   2 | 1373.5 |
        Vaults |  17054 |  16089 |    965 |   8622 |   3300 |   5 | 3410.8 |
        Depths |   8258 |   7620 |    638 |   2527 |   3103 |   4 | 2064.5 |
           Zot |  11291 |  11124 |    167 |   4728 |   3855 |   5 | 2258.2 |
        Bazaar |     68 |     68 |      0 |      0 |     26 |   1 |   68.0 |
         Sewer |    598 |    598 |      0 |    146 |    189 |   1 |  598.0 |
      Ice Cave |   1283 |   1283 |      0 |    545 |    250 |   1 | 1283.0 |
        Wizlab |    788 |    788 |      0 |    207 |    246 |   1 |  788.0 |
               +--------+--------+--------+--------+--------+-----+--------+

Top non-repeatable levels by time:
Vaults:4: 6350 daAuts
 Snake:3: 4812 daAuts
   Zot:3: 3598 daAuts
Vaults:1: 3458 daAuts
Vaults:2: 3200 daAuts
     D:7: 2998 daAuts
 Snake:4: 2950 daAuts
   Zot:1: 2934 daAuts
Depths:2: 2925 daAuts
    D:13: 2915 daAuts
    D:12: 2788 daAuts
 Swamp:4: 2608 daAuts
Depths:3: 2470 daAuts
     D:6: 2444 daAuts
    D:11: 2234 daAuts
